 Dungeon Crawl Stone Soup version 0.26-a0-845-gfacbca91cf (webtiles) character file.

Game seed: 2658641379987755755

436 Notrik the Skirmisher (level 7, -10/57 HPs)
             Began as a Formicid Fighter on Nov 19, 2020.
             Was a Follower of Okawaru.
             Mangled by a gnoll
             ... wielding a +4 flail of holy wrath
              (12 damage)
             ... on level 4 of the Dungeon.
             The game lasted 00:07:03 (3748 turns).

Notrik the Skirmisher (Formicid Fighter)            Turns: 3748, Time: 00:07:04

Health: -10/57     AC:  7    Str: 23    XL:     7   Next: 21%
Magic:  7/7        EV:  8    Int:  7    God:    Okawaru [*.....]
Gold:   170        SH: 10    Dex: 10    Spells: 6/6 levels left

rFire    + . .     SeeInvis +   a - +0 war axe
rCold    + . .     Faith    .   c - +0 kite shield
rNeg     . . .     Spirit   .   b - +0 scale mail
rPois    +         Reflect  .   (helmet unavailable)
rElec    +         Harm     .   (no cloak)
rCorr    +         Rampage  .   (no gloves)
MR       .....                  (no boots)
Stlth    ..........             (no amulet)
HPRegen  0.19/turn              (no ring)
MPRegen  0.10/turn              (no ring)

@: resistant
A: permanent stasis, dig shafts and tunnels, four strong arms, antennae 3
a: Dig, Shaft Self, Heroism, Renounce Religion


You were on level 4 of the Dungeon.
You worshipped Okawaru.
Okawaru was aware of your devotion.
You visited 1 branch of the dungeon, and saw 4 of its levels.

You collected 170 gold pieces.

Inventory:

Hand Weapons
 a - a +0 war axe (weapon)
Armour
 b - a +0 scale mail (worn)
 c - a +0 kite shield (worn)
Jewellery
 i - an uncursed ring of positive energy {unknown}
   (You found it on level 1 of the Dungeon)
Wands
 x - a wand of acid (4)
   (You found it on level 2 of the Dungeon)
Scrolls
 e - 3 scrolls of teleportation {unknown}
 f - 3 scrolls of enchant armour {unknown}
 h - 7 scrolls of identify {unknown}
 j - a scroll of fear {unknown}
 k - a scroll of amnesia {unknown}
 l - 2 scrolls of noise {unknown}
 n - a scroll of enchant weapon {unknown}
 p - a scroll of magic mapping {unknown}
Potions
 d - 4 potions of might
 g - 3 potions of haste {unknown}
 m - 2 potions of degeneration {unknown}
 o - 2 potions of resistance


   Skills:
 * Level 5.9 Fighting
 + Level 3.6 Axes
 + Level 4.6 Armour
 + Level 5.1 Shields


You had 6 spell levels left.
You didn't know any spells.
Your spell library was empty.

Dungeon Overview and Level Annotations

Branches:
Dungeon (4/15)             Temple (0/1) D:4

Altars:
Fedhas
Okawaru


Innate Abilities, Weirdness & Mutations

You cannot be hasted, slowed, berserked, paralysed or teleported.
You can dig through walls and to a lower floor.
Your four strong arms can wield two-handed weapons with a shield.
You have a pair of large antennae on your head. (SInv)


Message History

p - a scroll labelled DUMIUN SAITHE
There is an escape hatch in the floor here.
You sense a monster nearby.
A gnoll comes into view. It is wielding a +0 spear.
The gnoll shouts!
You hear a shout!
A gnoll is nearby!
A gnoll is nearby!
A gnoll comes into view. It is wielding a +0 spear.
The gnoll shouts!
A gnoll comes into view. It is wielding a +2 vorpal war axe.
The gnoll shouts!
The gnoll misses you.
A gnoll comes into view.
It is wielding a +4 flail of holy wrath.
The gnoll shouts!
Found a spear.
You hit the gnoll.
The gnoll hits you from afar with a +0 spear.
The gnoll completely misses you. You block the gnoll's attack.
You hit the gnoll but do no damage. The gnoll barely misses you.
You block the gnoll's attack. x2
You slash the gnoll! x2; The gnoll barely misses you.
The gnoll hits you with a +2 vorpal war axe!
You block the gnoll's attack.
You hit the gnoll. x2
The gnoll hits you from afar with a +0 spear.
The gnoll hits you but does no damage. x2
You closely miss the gnoll. x2; The gnoll barely misses you.
You block the gnoll's attack.
The gnoll hits you with a +4 flail of holy wrath.
You block the gnoll's attack.
The gnoll hits you from afar with a +0 spear.
* * * LOW HITPOINT WARNING * * *
There are monsters nearby!
You block the gnoll's attack.
You slash the gnoll!
The gnoll hits you with a +4 flail of holy wrath!
* * * LOW HITPOINT WARNING * * *
You hit the gnoll. You block the gnoll's attack.
The gnoll hits you with a +4 flail of holy wrath!
* * * LOW HITPOINT WARNING * * *
You block the gnoll's attack.
You barely miss the gnoll.
The gnoll hits you with a +4 flail of holy wrath!
* * * LOW HITPOINT WARNING * * *
The gnoll hits you from afar with a +0 spear.
* * * LOW HITPOINT WARNING * * *
It was a potion of resistance.
You feel protected.
The gnoll hits you with a +4 flail of holy wrath!
You die...

.........##
#########.........
###....#.###.
.................. #
###..#.....
######.#.........
#####........###
##..#.........
)......#####....
##..#####.#####
.)..##..#######.###..##
#.#
.)..###..##.........##
#.#
.<..........####.####
###.# ##.......###
#@ggg##..... ...####..#
####g....... .### ....
##....... # ... .......
.. ....... . .......
....... )...... #......


You could see 4 gnolls.

Vanquished Creatures
  A phantom (D:3)
  A howler monkey (D:4)
  A hound (D:4)
  An iguana (D:4)
  An orc wizard (D:3)
  4 gnolls (D:4)
  8 adders
  2 oozes
  A worm (D:3)
  4 leopard geckos
  7 orcs
  5 giant cockroaches
  11 hobgoblins
  6 jackals (D:3)
  4 kobolds
  2 ball pythons
  10 bats
  8 frilled lizards
  10 goblins
  A jackal skeleton (D:4)
  A quokka zombie (D:3)
  8 rats
97 creatures vanquished.

Vanquished Creatures (others)
  A plant (D:1)
1 creature vanquished.

Grand Total: 98 creatures vanquished

Notes
Turn   | Place    | Note
-------+----------+-------------------------------------------
     0 | D:1      | Notrik the Formicid Fighter began the quest for the Orb.
     0 | D:1      | Reached XP level 1. HP: 18/18 MP: 1/1
   250 | D:1      | Reached XP level 2. HP: 20/24 MP: 2/2
   575 | D:1      | Reached XP level 3. HP: 30/30 MP: 3/3
  1099 | D:2      | Found an iron altar of Okawaru.
  1115 | D:2      | Became a worshipper of Warmaster Okawaru
  1214 | D:2      | Reached XP level 4. HP: 36/37 MP: 4/4
  1714 | D:3      | Reached XP level 5. HP: 43/43 MP: 5/5
  2273 | D:3      | Reached skill level 5 in Fighting
  2571 | D:3      | Found a blossoming altar of Fedhas.
  2784 | D:4      | Reached XP level 6. HP: 50/51 MP: 6/6
  2786 | D:4      | Noticed a phantom
  2828 | D:3      | HP: 1/51 [phantom (7)]
  3167 | D:3      | Killed a phantom
  3167 | D:3      | Reached * piety under Okawaru
  3339 | D:4      | Reached skill level 5 in Shields
  3402 | D:4      | Found a staircase to the Ecumenical Temple.
  3416 | D:4      | Reached XP level 7. HP: 32/57 MP: 7/7
  3746 | D:4      | HP: 2/57 [gnoll/+4 flail of holy wrath (7)]
  3748 | D:4      | Mangled by a gnoll

Illustrated notes

Levels and vault maps discovered:
D:1:      lightli_arrival_lavapool, layout_basic, chequers_mini_garden,
          serial_bayou_pond_d, minmay_crystal_water, supply_closet_lemuel,
          minmay_hexomino_p4
D:2:      layout_basic, okawaru_metal_pillars_1_2
D:3:      layout_loops_ring, fedhas_ov_isle_minmay
D:4:      layout_rooms, grunt_temple_overflow_open,
          minmay_temple_entry_water_ring

Skill      XL: |  1  2  3  4  5  6 |
---------------+-------------------+-----
Shields        | 4 5 |  5.1
Fighting       | 4 5 |  5.9
Armour         | 4 |  4.6
Axes           | 3 |  3.6

Action                   |  1- 3 |  4- 6 |  7- 9 || total
-------------------------+-------+-------+-------++-------
Melee: War axe           |    98 |   206 |    25 ||   329
  Use: Potion            |       |       |     1 ||     1
Armor: Scale mail        |    54 |    74 |     3 ||   131
Dodge: Dodged            |    44 |    62 |     8 ||   114
Block: Kite shield       |    52 |    98 |    16 ||   166

Table legend: (Time is in decaauts)
 A = Elapsed time spent in this place.
 B = Non-inter-level travel time spent in this place.
 C = Inter-level travel time spent in this place.
 D = Time resting spent in this place.
 E = Time spent auto-exploring this place.
 F = Levels seen in this place.
 G = Mean time per level.
                   A        B        C        D        E       F      G
               +--------+--------+--------+--------+--------+-----+--------+
         Total |   3885 |   3801 |     84 |    400 |   2587 |   4 |  971.2 |
       Dungeon |   3885 |   3801 |     84 |    400 |   2587 |   4 |  971.2 |
               +--------+--------+--------+--------+--------+-----+--------+

Top non-repeatable levels by time:
     D:3: 1501 daAuts
     D:1: 1132 daAuts
     D:2: 766 daAuts
     D:4: 485 daAuts
